 Seeded DCSS version 0.29.1-15-g9cfb28693d (webtiles) character file.

Game seed: 9319893146637693751 (custom seed)

1925 bmack86 the Cleaver (level 8, -3/64 HPs)
             Began as a Minotaur Fighter on Apr 8, 2024.
             Was an Initiate of Gozag.
             Slain by an ogre
             ... wielding a +0 giant club
              (24 damage)
             ... on level 6 of the Dungeon.
             The game lasted 00:10:30 (4763 turns).

bmack86 the Cleaver (Minotaur Fighter)              Turns: 4763, Time: 00:10:32

Health: -3/64      AC: 10    Str: 22    XL:     8   Next: 96%
Magic:  2/2        EV:  7    Int:  5    God:    Gozag
Gold:   326        SH:  4    Dex: 11    Spells: 7/7 levels left

rFire   . . .      SeeInvis .   z - +2 broad axe (antimagic)
rCold   . . .      Faith    .   c - +0 buckler
rNeg    + . .      Spirit   .   y - +0 chain mail
rPois   +          Reflect  .   (helmet restricted)
rElec   +          Harm     .   (no cloak)
rCorr   .          Rampage  +   F - +0 pair of gloves "Rinutuq" {rElec rN+}
Will    .....                   (no boots)
Stlth   ..........              f - amulet "Kiemaxt" {Rampage rPois Regen+ Slay+2 Stlth-}
HPRegen 1.00/turn               (no ring)
MPRegen 0.08/turn               (no ring)

@: gold aura
A: horns 2, retaliatory headbutt
a: Renounce Religion, Potion Petition, Call Merchant, Bribe Branch


You were on level 6 of the Dungeon.
You worshipped Gozag.
Gozag was aware of your devotion.
You visited 1 branch of the dungeon, and saw 6 of its levels.

You collected 591 gold pieces.
You spent 224 gold pieces at shops.
You paid 41 gold pieces to Gozag.

Inventory:

Hand Weapons
 a - a +0 war axe
 z - a +2 antimagic broad axe (weapon)
 A - a +0 broad axe
Missiles
 j - 3 poisoned darts
 l - 5 boomerangs (quivered)
Armour
 b - a +0 scale mail
 c - a +0 buckler (worn)
 y - a +0 chain mail (worn)
 F - the +0 pair of gloves "Rinutuq" (worn) {rElec rN+}
   (You acquired it on level 6 of the Dungeon)

   rElec:     It insulates you from electricity.
   rN:        It protects you from negative energy.
Jewellery
 f - the amulet "Kiemaxt" (around neck) {Rampage rPois Regen+ Slay+2 Stlth-}
   (You acquired it on level 5 of the Dungeon)

   [amulet of regeneration]

   Slay:      It affects your accuracy & damage with ranged weapons and melee
   (+2).
   rPois:     It protects you from poison.
   Regen:     It increases your rate of health regeneration.
   Rampage:   It bestows one free step when moving towards enemies.
   Stlth:     It makes you less stealthy.
Wands
 o - a wand of polymorph (26)
 D - a wand of iceblast (8)
Scrolls
 g - a scroll of poison {unknown}
 i - a scroll of brand weapon {unknown}
 m - a scroll of butterflies {unknown}
 p - a scroll of magic mapping {unknown}
 q - a scroll of blinking {unknown}
 r - a scroll of torment {unknown}
 t - a scroll of noise {unknown}
 v - a scroll of amnesia {unknown}
 w - 2 scrolls of teleportation {unknown}
 E - a scroll of enchant weapon {unknown}
Potions
 d - 3 potions of might
 e - 2 potions of brilliance
 h - a potion of ambrosia {unknown}
 k - a potion of lignification {unknown}
 n - 3 potions of mutation
 s - a potion of cancellation {unknown}
 u - 2 potions of curing
 x - a potion of flight {unknown}
 B - 2 potions of magic
 C - a potion of heal wounds


   Skills:
 - Level 3.6 Fighting
 + Level 13.9 Axes
 - Level 3.6 Armour
 - Level 3.6 Shields


You had 7 spell levels left.
You didn't know any spells.
Your spell library contained the following spells:

 Spells                   Type           Power      Damage    Failure   Level
 Sting                    Tmut/Pois      0%         1d3       99%         1
 Poisonous Vapours        Pois/Air       0%         N/A       100%        2
 Olgreb's Toxic Radiance  Pois           0%         N/A       100%        4


Dungeon Overview and Level Annotations

Branches:
Dungeon (6/15)
 Temple: D:4-7

Altars:
Gozag
Trog

Shops:
D:4 *!(


Innate Abilities, Weirdness & Mutations

You have a pair of horns on your head.
You reflexively headbutt those who attack you in melee.


Message History

The ogre shouts!
You closely miss the iguana. Your headbutt misses the iguana.
You hit the iguana but do no damage. The iguana bites you.
You hit the iguana. Your headbutt misses the iguana.
The iguana is moderately wounded.
You block the iguana's attack.
You hit the iguana.
The iguana is heavily wounded.
The iguana bites you!
You slice the iguana!!
You kill the iguana!
The wyvern bites you!
You closely miss the wyvern. Your headbutt misses the wyvern.
The wyvern bites you.
You slash the wyvern!
The wyvern is moderately wounded.
The wyvern closely misses you.
You barely miss the wyvern.
The wyvern is moderately wounded.
The wyvern bites you!
The wyvern bites you but does no damage.
You barely miss the wyvern. You headbutt the wyvern.
The wyvern is heavily wounded.
The wyvern barely misses you.
You slash the wyvern! You headbutt the wyvern!
You kill the wyvern!
You slash the ogre!
The ogre is heavily wounded.
The ogre hits you with a +0 giant club!
* * * LOW HITPOINT WARNING * * *
You closely miss the ogre.
The ogre is heavily wounded.
The ogre is distracted by your dazzling golden aura.
You barely miss the ogre.
The ogre is no longer distracted by gold.
The ogre shouts!
The ogre is heavily wounded.
The ogre hits you with a +0 giant club!!
You die...
Your body crumbles into a pile of gold.

$ #§⌠...§§#
#≈.....≈#
#≈..<§.≈#
#≈.....≈
#≈⌠.§.§ ≈≈.§
#O## #.# #@.#
#.## ##.# #..
#.######.###.
###.....##.....
#[.........#
###........#
#........#
#.....##.#
#.....##.#


You could see an ogre.

Vanquished Creatures
  Pikel (D:4)
  A wyvern (D:6)
  A sky beast (D:6)
  An ogre (D:6)
  An orc warrior (D:6)
  A phantom (D:5)
  A scorpion (D:4)
  A necrophage (D:5)
  4 electric eels (D:6)
  2 howler monkeys
  5 hounds
  4 orc priests
  A gnoll bouda (D:5)
  A jelly (D:5)
  Natasha (thrice) (D:4)
  2 iguanas
  9 gnolls
  3 adders
  A shadow imp (D:5)
  A white imp (D:5)
  An ufetubus (D:5)
  2 worms
  14 orcs
  9 endoplasms
  2 giant cockroaches
  7 goblins
  6 hobgoblins
  3 quokkas
  4 ball pythons
  6 bats
  4 frilled lizards
  5 kobolds
  5 rats
112 creatures vanquished.

Vanquished Creatures (others)
  14 plants (D:3)
14 creatures vanquished.

Grand Total: 126 creatures vanquished

Notes
Turn   | Place    | Note
-------+----------+-------------------------------------------
     0 | D:1      | bmack86 the Minotaur Fighter began the quest for the Orb.
     0 | D:1      | Reached XP level 1. HP: 19/19 MP: 0/0
    66 | D:1      | Reached skill level 3 in Axes
    70 | D:1      | Reached XP level 2. HP: 22/26 MP: 1/1
   258 | D:1      | Reached skill level 4 in Axes
   762 | D:2      | Reached XP level 3. HP: 29/31 MP: 2/2
   777 | D:2      | You fall into a shaft and drop 1 floor!
  1039 | D:2      | Found a faded altar of an unknown god.
  2161 | D:3      | Reached skill level 5 in Axes
  2594 | D:4      | Found Larauhoi's Antique Weapon Emporium.
  2596 | D:4      | Found Neregum's General Store.
  2596 | D:4      | Found Naiwuwer's Distillery.
  2648 | D:4      | Reached XP level 4. HP: 23/39 MP: 3/3
  2930 | D:4      | Found an opulent altar of Gozag.
  2933 | D:4      | Became a worshipper of Gozag Ym Sagoz the Greedy
  2953 | D:4      | Reached skill level 6 in Axes
  2955 | D:4      | Noticed Pikel
  2958 | D:4      | Noticed a lemure
  2958 | D:4      | Noticed a lemure
  2961 | D:4      | Noticed a lemure
  2963 | D:4      | Reached XP level 5. HP: 26/45 MP: 4/4
  2966 | D:4      | Noticed a lemure
  2967 | D:4      | Killed Pikel
  2968 | D:4      | Reached skill level 9 in Axes
  2968 | D:4      | Reached XP level 6. HP: 9/51 MP: 5/5
  2968 | D:4      | Reached XP level 7. HP: 10/57 MP: 6/6
  2979 | D:5      | Entered Level 5 of the Dungeon
  3370 | D:4      | Noticed Natasha
  3378 | D:4      | Reached skill level 10 in Axes
  3393 | D:4      | Killed Natasha
  3612 | D:4      | Noticed Natasha
  3618 | D:4      | Killed Natasha
  3670 | D:4      | Noticed Natasha
  3675 | D:4      | Killed Natasha
  3715 | D:4      | Identified the +0 robe "Meath" {Int+4 Stlth+ Archmagi}
  3848 | D:4      | Bought a runed broad axe for 224 gold pieces
  3908 | D:5      | Identified a scroll of acquirement
  3908 | D:5      | Acquired the amulet "Kiemaxt" {Rampage rPois Regen+ Slay+2
                  | Stlth-}
  3949 | D:5      | Reached skill level 11 in Axes
  3969 | D:5      | Reached XP level 8. HP: 57/64 MP: 7/7
  4242 | D:5      | Found a bloodstained altar of Trog.
  4246 | D:5      | Reached skill level 12 in Axes
  4432 | D:6      | Acquired the +0 pair of gloves "Rinutuq" {rElec rN+}
  4645 | D:6      | Reached skill level 13 in Axes
  4763 | D:6      | Slain by an ogre

Illustrated notes

Levels and vault maps discovered:
D:1:      evilmike_arrival_rings, layout_basic, interstate_on_off
D:2:      layout_loops_ring, ebering_ecumenical_altar_sacrificial,
          minmay_pentomino_o4
D:3:      wad_lake_hut, layout_basic, grunt_decor_mini_mirrors
D:4:      layout_rooms, kennysheep_mini_moat, nicolae_wooded_promenade,
          uniq_pikel, uniq_natasha
D:5:      layout_cave_pools, mainiacjoe_overflow_brackets
D:6:      minmay_goblin_kobold_castle, layout_basic,
          minmay_temple_entry_mini_moons, kennysheep_small_square

Skill      XL: |  1  2  3  4  5  6  7  8 |
---------------+-------------------------+-----
Axes           | 3 4 5 6 9 11 13 | 13.9
Fighting       | |  3.6
Armour         | |  3.6
Shields        | |  3.6

Action                   |  1- 3 |  4- 6 |  7- 9 || total
-------------------------+-------+-------+-------++-------
Melee: War axe           |    93 |    20 |   104 ||   217
       Headbutt          |    11 |     2 |    30 ||    43
       Broad axe         |       |       |    27 ||    27
Throw: Boomerang         |     6 |       |     1 ||     7
  Use: Scroll            |     3 |       |     5 ||     8
       Potion            |       |     1 |     1 ||     2
 Stab: Distracted        |       |       |     1 ||     1
Armor: Scale mail        |    39 |     6 |     5 ||    50
       Chain mail        |       |       |    48 ||    48
Dodge: Dodged            |    54 |    13 |    38 ||   105
Block: Buckler           |    22 |     3 |    23 ||    48
